 Dungeon Crawl Stone Soup version 0.31-a0-1591-g515db51633 (webtiles) character file.

Game seed: 7234544082948646613

945 Lobster4 the Changeling (level 8, -2/59 HPs)
             Began as a Merfolk Shapeshifter on Jan 6, 2024.
             Slain by a killer bee (6 damage)
             ... on level 5 of the Dungeon.
             The game lasted 00:10:48 (3901 turns).

Lobster4 the Changeling (Merfolk Shapeshifter)      Turns: 3901, Time: 00:10:49

Health: -2/59      AC:  6    Str: 16    XL:     8   Next: 13%
Magic:  11/11      EV: 10    Int: 10    God:
Gold:   210        SH:  0    Dex: 13    Spells: 11/11 levels left

rFire   . .          .
                       - Unarmed
rCold   . . .        (no shield)
rNeg    . . .        s - +0 scale mail
rPois   .            (helmet currently unavailable)
rElec   .            (cloak currently unavailable)
rCorr   .            (gloves currently unavailable)
SInv    .            (boots currently unavailable)
Will    .....        p - amulet of regeneration Stlth
                     (no ring)
HPRegen 1.09/turn    (no ring)
MPRegen 0.12/turn

%: no passive effects
@: lethally poisoned (-2 -> -5), beast-form
A: beast (slay +3), (nimble swimmer 2), mertail
a: Begin Untransformation


You were on level 5 of the Dungeon.
You were a hulking beast.
You visited 1 branch of the dungeon, and saw 5 of its levels.

You collected 210 gold pieces.

Inventory:

Hand Weapons
 f - a +0 short sword
 m - a +0 rapier
 r - a +0 spear
 v - a +3 flail of holy wrath
Missiles
 h - 31 stones
 q - 2 boomerangs (quivered)
Armour
 n - a +0 leather armour
 s - a +0 scale mail (worn)
Jewellery
 p - an amulet of regeneration (around neck)
Talismans
 c - a beast talisman
 d - a flux talisman
Wands
 y - a wand of roots (8)
Scrolls
 e - 3 scrolls of blinking
 g - a scroll of enchant armour {unknown}
 i - a scroll of vulnerability {unknown}
 j - a scroll of fear {unknown}
 k - a scroll of identify {unknown}
 o - 2 scrolls of fog {unknown}
 t - a scroll of torment {unknown}
Potions
 a - a potion of degeneration {unknown}
 b - a potion of lignification
 l - a potion of magic {unknown}
 u - a potion of haste {unknown}
 w - a potion of curing {unknown}
 x - a potion of heal wounds {unknown}


   Skills:
 + Level 3.6 Fighting
 - Level 1.0 Throwing
 - Level 2.0 Armour
 - Level 3.0 Dodging
 - Level 1.0 Stealth
 + Level 4.7 Unarmed Combat
 + Level 2.2 Spellcasting
 + Level 2.9 Ice Magic
 + Level 2.7 Evocations
 * Level 6.8 Shapeshifting


You had 11 spell levels left.
You didn't know any spells.
Your spell library contained the following spells:

 Spells                   Type           Power      Damage    Failure   Level
 Ozocubu's Armour         Ice            7%         N/A       69%         3
 Anguish                  Hex/Necr       0%         N/A       100%        4
 Cause Fear               Hex            0%         N/A       100%        4
 Metabolic Englaciation   Hex/Ice        2%         N/A       100%        5
 Sculpt Simulacrum        Ice/Alch       2%         N/A       100%        6
 Enfeeble                 Hex            0%         N/A       100%        7


Dungeon Overview and Level Annotations

Branches:
Dungeon (5/15)
 Temple: D:4-7

Altars:
Zin

Annotations:
D:4 1 runed translucent door, Crazy Yiuf


Innate Abilities, Weirdness & Mutations

You are a hulking beast.
Your limbs bulge with bestial killing power. (Slay +3)
((You are very nimble when in or above water. (Stealth+, EV+, Speed+++)))
Your lower body shifts to a powerful aquatic tail in water.


Message History

The killer bee completely misses you. The killer bee stings you.
The killer bee attacks as it pursues you!
The killer bee stings you. x3
You see here a bullfrog skeleton.
The killer bee attacks as it pursues you!
The killer bee stings you but does no damage.
The killer bee stings you. x2
You are poisoned.
The killer bee poisons you!
You feel sick.
The killer bee attacks as it pursues you!
The killer bee stings you. x2
The killer bee stings you but does no damage.
You feel sick. The killer bee closely misses you.
You feel sick.
The killer bee stings you but does no damage.
You completely miss the killer bee.
You feel sick. The killer bee stings you.
You are more poisoned.
The killer bee poisons you!
The killer bee stings you but does no damage.
You punch the killer bee!
The killer bee is heavily wounded.
You feel sick. The killer bee stings you! The killer bee stings you.
You are more poisoned.
The killer bee poisons you!
You are too injured to fight recklessly!
You hit the killer bee. Your punch misses the killer bee.
The killer bee is severely wounded.
You feel very sick. The killer bee stings you.
* * * LOW HITPOINT WARNING * * *
The killer bee stings you but does no damage.
You hit the killer bee.
The killer bee is almost dead.
You feel very sick. The killer bee stings you!
* * * LOW HITPOINT WARNING * * *
The killer bee stings you.
You die...

#........## #.....######[..
.........## ##.......##.....
..##......#####.......)......#
............##.....#........#
........###รท........####.....#
######### ##...###..# ###...#
##y## ##.# #...# #y# #<# #....
#h# #.# ##.... #.# ##.# ##..##.
#### #.# #..# ##..####
.#######..### ##.# #..###..## #
....<...##..###..# #..##..## #
.##########.....## ##....## ##
##...## #....# #. ##### ######
#. #.


You could see 2 killer bees.

Vanquished Creatures
  Menkaure (D:4)
  Edmund (D:4)
  A black bear (D:4)
  An ogre (D:5)
  A phantom (D:5)
  A bullfrog (D:5)
  2 killer bees
  2 hounds
  2 jellies
  A sleepcap (D:5)
  A gnoll (D:3)
  5 adders
  A white imp (D:3)
  An ufetubus (D:3)
  A dart slug (D:3)
  A ribbon worm (D:3)
  9 orcs
  8 ball pythons
  4 endoplasms
  3 giant cockroaches
  7 goblins
  10 hobgoblins
  4 jackals (D:2)
  6 kobolds
  4 quokkas
  5 bats
  4 frilled lizards
  5 rats
92 creatures vanquished.

Notes
Turn   | Place    | Note
-------+----------+-------------------------------------------
     0 | D:1      | Lobster4 the Merfolk Shapeshifter began the quest for the
                  | Orb.
     0 | D:1      | Reached XP level 1. HP: 15/15 MP: 1/1
   165 | D:1      | Reached XP level 2. HP: 21/21 MP: 2/2
   413 | D:1      | Reached skill level 1 in Stealth
   413 | D:1      | Reached XP level 3. HP: 17/26 MP: 3/3
   683 | D:2      | You fall into a shaft and drop 1 floor!
  1300 | D:2      | Reached XP level 4. HP: 32/33 MP: 4/4
  1945 | D:3      | Reached skill level 1 in Throwing
  2088 | D:3      | Reached XP level 5. HP: 38/38 MP: 5/5
  2152 | D:3      | Reached skill level 1 in Evocations
  2310 | D:3      | Reached skill level 1 in Ice Magic
  2310 | D:3      | Reached skill level 5 in Shapeshifting
  2316 | D:3      | Reached skill level 1 in Armour
  2616 | D:4      | Found a glowing silver altar of Zin.
  2636 | D:4      | Noticed Edmund
  2732 | D:4      | Found a runed translucent door.
  2733 | D:4      | Noticed Crazy Yiuf
  2866 | D:4      | Killed Edmund
  2867 | D:4      | Reached skill level 1 in Spellcasting
  2867 | D:4      | Reached XP level 6. HP: 46/46 MP: 7/7
  2883 | D:4      | Noticed Menkaure
  2888 | D:4      | Killed Menkaure
  2889 | D:4      | Reached XP level 7. HP: 51/51 MP: 7/9
  3077 | D:4      | Reached skill level 6 in Shapeshifting
  3418 | D:5      | Entered Level 5 of the Dungeon
  3728 | D:5      | Noticed a troll
  3789 | D:4      | Reached XP level 8. HP: 10/58 MP: 11/11
  3901 | D:5      | Slain by a killer bee

Illustrated notes

Levels and vault maps discovered:
D:1:      lemuel_arrival_river_bridge, layout_rooms, serial_forest,
          infiniplex_forest_straight_4, infiniplex_forest_end_2,
          infiniplex_forest_lined_3_way, infiniplex_forest_lined_3_way,
          infiniplex_forest_lined_room_, infiniplex_forest_end_1
D:2:      layout_basic, minmay_fountain_box
D:3:      layout_loops_ring, minmay_divided_ellipse
D:4:      layout_cave_pools, mainiacjoe_overflow_small_starburst, uniq_edmund,
          uniq_menkaure, uniq_crazy_yiuf_cottage
D:5:      layout_layer_cave, kennysheep_mini, serial_shops, shop,
          minmay_misc_feat_tiny, minmay_fractal_squares_5

Skill      XL: |  1  2  3  4  5  6  7 |
---------------+----------------------+-----
Stealth        | 1 |  1.0
Dodging        | 3 |  3.0
Fighting       | 2 3 |  3.6
Throwing       | 1 |  1.0
Evocations     | 1 2 |  2.7
Ice Magic      | 1 2 |  2.9
Shapeshifting  | 5 6 |  6.8
Armour         | 1 2 |  2.0
Unarmed Combat | 4 |  4.7
Spellcasting   | 1 2 |  2.2

Action                     |  1- 3 |  4- 6 |  7- 9 || total
---------------------------+-------+-------+-------++-------
  Melee: Unarmed           |   108 |   109 |    59 ||   276
         Punch             |     4 |     2 |     1 ||     7
  Throw: Boomerang         |       |    14 |     9 ||    23
  Evoke: Wand              |       |     9 |     5 ||    14
    Use: Potion            |       |     1 |       ||     1
         Scroll            |       |     1 |     1 ||     2
   Stab: Sleeping          |     3 |       |       ||     3
 Armour: Animal skin       |    44 |     3 |       ||    47
         Leather armour    |       |    31 |       ||    31
         Skin              |       |     4 |       ||     4
         Scale mail        |       |    18 |    58 ||    76
  Dodge: Dodged            |    54 |    56 |    38 ||   148

Table legend: (Time is in decaauts)
 A = Elapsed time spent in this place.
 B = Non-inter-level travel time spent in this place.
 C = Inter-level travel time spent in this place.
 D = Time resting spent in this place.
 E = Time spent auto-exploring this place.
 F = Levels seen in this place.
 G = Mean time per level.
                   A        B        C        D        E       F      G
               +--------+--------+--------+--------+--------+-----+--------+
         Total |   3879 |   3485 |    394 |    213 |   2492 |   5 |  775.8 |
       Dungeon |   3879 |   3485 |    394 |    213 |   2492 |   5 |  775.8 |
               +--------+--------+--------+--------+--------+-----+--------+

Top non-repeatable levels by time:
     D:3: 1372 daAuts
     D:4: 838 daAuts
     D:2: 704 daAuts
     D:1: 624 daAuts
     D:5: 340 daAuts
